 Dungeon Crawl Stone Soup version 0.29.1-13-g9f3cf754e1 (webtiles) character file.

Game seed: 7096462568626594353

4 Chiseanne the Trooper (level 1, -1/18 HPs)
             Began as a Demonspawn Wanderer on Jan 30, 2023.
             Slain by a hobgoblin (2 damage)
             ... on level 1 of the Dungeon.
             The game lasted 00:00:54 (209 turns).

Chiseanne the Trooper (Demonspawn Wanderer)          Turns: 209, Time: 00:00:55

Health: -1/18      AC:  2    Str: 11    XL:     1   Next: 58%
Magic:  1/3        EV: 11    Int: 18    God:
Gold:   0          SH:  0    Dex:  8    Spells: 3/4 levels left

rFire   . . .      SeeInvis .   a - +0 club
rCold   . . .      Faith    .   (no shield)
rNeg    . . .      Spirit   .   c - +0 robe
rPois   .          Reflect  .   (no helmet)
rElec   .          Harm     .   (no cloak)
rCorr   .          Rampage  .   (no gloves)
Will    .....                   (no boots)
Stlth   +.........              (no amulet)
HPRegen 0.06/turn               (no ring)
MPRegen 0.08/turn               (no ring)

@: no status effects
A: no striking features
a: no special abilities


You were on level 1 of the Dungeon.
You visited 1 branch of the dungeon, and saw 1 of its levels.

Inventory:

Hand Weapons
 a - a +0 club (weapon)
Armour
 c - a +0 robe (worn)
Scrolls
 b - a scroll of blinking
 d - a scroll of silence


   Skills:
 - Level 3.0 Fighting
 * Level 2.1 Spellcasting
 * Level 0.4 Conjurations
 * Level 2.8 Air Magic
 - Level 1.7 Earth Magic


You had 3 spell levels left.
You knew the following spells:

 Your Spells              Type           Power      Damage    Failure   Level
a - Shock                 Conj/Air       28%        1d4       10%         1

Your spell library contained the following spells:

 Spells                   Type           Power      Damage    Failure   Level
 Sandblast                Erth           16%        2d6       9%          1
 Swiftness                Air            12%        N/A       17%         3
 Animate Armour           Summ/Erth      10%        N/A       77%         4
 Petrify                  Tmut/Erth      5%         N/A       77%         4


Dungeon Overview and Level Annotations

Branches:
Dungeon (1/15)

Altars:


Message History

You kill the hobgoblin!
You see here a hobgoblin corpse.
You open the door.
There is an open door here.
You open the door.
An endoplasm comes into view.
A hobgoblin comes into view.
The endoplasm quivers.
The endoplasm freezes you.
You are frozen.
There is an open door here.
You hit the endoplasm.
The endoplasm is heavily wounded.
The hobgoblin shouts!
The endoplasm freezes you.
You are frozen.
The endoplasm hits you.
You hit the endoplasm but do no damage.
The endoplasm is heavily wounded.
The hobgoblin hits you.
* * * LOW HITPOINT WARNING * * *
The endoplasm hits you.
* * * LOW HITPOINT WARNING * * *
Casting: Shock (safe; 10% risk of failure)
Confirm with . or Enter, or press ? or * to list all spells.
Aiming: Shock (safe; 10% risk of failure)
Press: ? - help, Shift-Dir - straight line, f - endoplasm
Aim: an endoplasm (heavily wounded, 97% to hit)
The zap hits the endoplasm.
The endoplasm is severely wounded.
The endoplasm hits you.
* * * LOW HITPOINT WARNING * * *
Casting: Shock (safe; 10% risk of failure)
Confirm with . or Enter, or press ? or * to list all spells.
Aiming: Shock (safe; 10% risk of failure)
Press: ? - help, Shift-Dir - straight line, f/p - endoplasm
Aim: an endoplasm (severely wounded, 97% to hit)
The zap hits the endoplasm.
You kill the endoplasm!
The hobgoblin attacks as you move away! The hobgoblin hits you.
You die...

+ . .#### ...#####
#......+ ...... #......#
#....# #......# #....#
#g# #....' #@# ....#
#########'######### .(.
#.......†.........# #.#
#.#.###########.#.#.###)#
.#.##.#.....#
###+###.#.#.#.###.#.
#.....#.#.#.#.......
#.....#.#.#.###.#...
+..<..+.#.#.'.'.###.


You could see a hobgoblin.

Vanquished Creatures
  An endoplasm (D:1)
  A goblin (D:1)
  A hobgoblin (D:1)
  A rat (D:1)
4 creatures vanquished.

Notes
Turn   | Place    | Note
-------+----------+-------------------------------------------
     0 | D:1      | Chiseanne the Demonspawn Wanderer began the quest for the
                  | Orb.
     0 | D:1      | Chiseanne set off with the following items: a +0 club, a
                  | scroll of blinking, a +0 robe, a scroll of silence; and the
                  | following spells available to memorise: Sandblast, Shock,
                  | Swiftness, Animate Armour, Petrify.
     0 | D:1      | Reached XP level 1. HP: 18/18 MP: 3/3
     3 | D:1      | Learned a level 1 spell: Shock
   209 | D:1      | Slain by a hobgoblin

Illustrated notes

Levels and vault maps discovered:
D:1:      matt_arrival_los_fun, layout_basic, serial_shops,
          nicolae_shop_behind_doors, minmay_pentomino_t4

Action                   || total
-------------------------++-------
Melee: Club              ||     8
 Cast: Shock             ||     6
Armor: Robe              ||     1
Dodge: Dodged            ||    11
